 Dungeon Crawl Stone Soup version 0.23-a0-41-g8b50da7 (webtiles) character file.

216608 rgaf the Severer (level 19, -11/155 HPs)
             Began as a Formicid Abyssal Knight on Aug 6, 2018.
             Was a High Priest of Lugonu.
             Mangled by a vault warden
             ... wielding a +3 halberd of venom
              (16 damage)
             ... on level 1 of the Vaults.
             The game lasted 01:09:03 (52868 turns).

rgaf the Severer (Formicid Abyssal Knight)         Turns: 52868, Time: 01:09:03

Health: -11/155    AC: 22    Str: 20 (21) XL:     19   Next: 25%
Magic:  30/31      EV: 13    Int: 14      God:    Lugonu [*****.]
Gold:   1447       SH:  8    Dex: 16      Spells: 18/18 levels left

rFire    . . .     SeeInvis +   j - +3 battleaxe (vamp)
rCold    + . .     Gourm    .   D - +3 warlock's mirror {reflect}
rNeg     . . .     Faith    .   p - +1 plate armour "Decaemom" {rPois MP+9 Str-2}
rPois    +         Spirit   .   (helmet unavailable)
rElec    +         Reflect  +   K - +2 cloak
rCorr    .         Harm     .   (no gloves)
MR       ++...                  V - +2 pair of boots
Stlth    ..........             h - amulet of the Air {Inacc +Fly rElec EV+5 RMsl}
HPRegen  0.35/turn              o - ring "Lyeshox" {rC+ Dex+6}
MPRegen  0.22/turn              Y - ring of protection from magic

@: repel missiles
A: permanent stasis, dig shafts and tunnels, four strong arms, antennae 3,
hooves 1, [deformed body], [deterioration 2], [low mp 2], [subdued magic 2]
}: 2/15 runes: decaying, serpentine
a: Dig, Shaft Self, Depart the Abyss, Bend Space, Banish, Corrupt, Enter the
Abyss, Renounce Religion, Evoke Flight


You were on level 1 of the Vaults.
You worshipped Lugonu.
Lugonu was extremely pleased with you.
You were not hungry.

You visited 6 branches of the dungeon, and saw 32 of its levels.
You visited the Abyss 2 times.
You also visited: Ice Cave.

You collected 3775 gold pieces.
You spent 2328 gold pieces at shops.

Inventory:

Hand Weapons
 a - a +6 executioner's axe of draining
 b - a +2 battleaxe of flaming
 j - a +3 vampiric battleaxe (weapon)
Missiles
 e - 554 arrows
 n - 503 bolts
 N - 7 steel javelins (quivered)
Armour
 k - a scarf of resistance
 p - the +1 plate armour "Decaemom" (worn) {rPois MP+9 Str-2}
   (You found it on level 14 of the Dungeon)

   It affects your strength (-2).
   It protects you from poison.
   It affects your magic capacity (+9).
 D - the +3 warlock's mirror (worn) {reflect}
   (You found it on level 5 of the Dungeon)
 G - a +0 large shield
 K - a +2 cloak (worn)
 V - a +2 pair of boots (worn)
Jewellery
 h - the amulet of the Air (around neck) {Inacc +Fly rElec EV+5 RMsl}
   (You bought it in a shop on level 2 of the Snake Pit)

   [amulet of inaccuracy]

   It reduces the accuracy of all your attacks.
   It affects your evasion (+5).
   It insulates you from electricity.
   It lets you fly.
   It protects you from missiles.
 o - the ring "Lyeshox" (left hand) {rC+ Dex+6}
   (You bought it in a shop on level 2 of the Snake Pit)

   [ring of dexterity]

   It affects your dexterity (+6).
   It protects you from cold.
 q - an uncursed amulet of magic regeneration
 v - an uncursed amulet of faith
 w - an uncursed ring of fire
 y - an uncursed ring of resist corrosion
 E - an uncursed ring of ice
 W - an uncursed ring of flight
 Y - a ring of protection from magic (right hand)
Wands
 g - a wand of acid (4)
 m - a wand of enslavement (15)
 s - a wand of paralysis (16)
 A - a wand of flame (49)
 I - a wand of clouds (2)
 L - a wand of polymorph (28)
 M - a wand of disintegration (27)
 T - a wand of random effects (28)
 X - a wand of digging (18)
Scrolls
 d - 14 scrolls of remove curse
 i - 6 scrolls of amnesia
 l - 7 scrolls of enchant armour
 r - 5 scrolls of magic mapping
 u - 4 scrolls of fear
 z - 5 scrolls of fog
 H - 5 scrolls of vulnerability
 R - 2 scrolls of summoning
 Z - a scroll of torment
Potions
 f - 6 potions of brilliance
 B - 2 potions of lignification
 C - 2 potions of haste
 J - a potion of agility
 O - a potion of flight
 P - a potion of resistance
 Q - 3 potions of berserk rage
 S - 2 potions of mutation
 U - 3 potions of magic
Comestibles
 c - 46 rations


   Skills:
 + Level 15.5 Fighting
 - Level 20.0 Axes
 + Level 18.3 Armour
 - Level 0.8 Dodging
 * Level 5.3 Shields
 - Level 12.5 Invocations


You had 18 spell levels left.
You didn't know any spells.
Your spell library contained the following spells:

 Spells                   Type           Power        Failure   Level  Hunger
 Magic Dart               Conj           #...         90%         1    ##.....
 Fireball                 Conj/Fire      #.........   100%        5    ######.
 Apportation              Tloc           #.....       90%         1    ##.....
 Conjure Flame            Conj/Fire      #.......     100%        3    ####...
 Bolt of Magma            Conj/Fire/Erth #.........   100%        5    ######.
 Slow                     Hex            #.......     97%         2    ###....
 Throw Flame              Conj/Fire      #.....       97%         2    ###....
 Mephitic Cloud           Conj/Pois/Air  #.......     100%        3    ####...
 Venom Bolt               Conj/Pois      #.........   100%        5    ######.
 Summon Small Mammal      Summ           #...         90%         1    ##.....
 Blink                    Tloc           N/A          97%         2    ###....
 Animate Dead             Necr           N/A          100%        4    #####..
 Pain                     Necr           #...         90%         1    ##.....
 Animate Skeleton         Necr           N/A          90%         1    ##.....
 Vampiric Draining        Necr           #.........   100%        3    ####...
 Sticky Flame             Conj/Fire      #.......     100%        4    #####..
 Summon Ice Beast         Ice/Summ       #.......     100%        4    #####..
 Call Imp                 Summ           #.......     97%         2    ###....
 Regeneration             Chrm/Necr      #.........   100%        3    ####...
 Iron Shot                Conj/Erth      #.........   100%        6    #######
 Confusing Touch          Hex            #.....       90%         1    ##.....
 Flame Tongue             Conj/Fire      #....        90%         1    ##.....
 Call Canine Familiar     Summ           #.......     100%        3    ####...
 Summon Butterflies       Summ           #.......     90%         1    ##.....
 Orb of Destruction       Conj           #.........   100%        7    #######
 Summon Hydra             Summ           #.........   100%        7    #######
 Shroud of Golubria       Chrm/Tloc      #.........   97%         2    ###....
 Inner Flame              Hex/Fire       #.......     100%        3    ####...
 Iskenderun's Battlesphe  Conj/Chrm      #.......     100%        5    ######.
 Infusion                 Chrm           #...         90%         1    ##.....
 Song of Slaying          Chrm           #.......     97%         2    ###....
 Spectral Weapon          Hex/Chrm       #.......     100%        3    ####...
 Spellforged Servitor     Conj/Summ      #.........   100%        7    #######
 Summon Mana Viper        Hex/Summ       #.......     100%        5    ######.


Dungeon Overview and Level Annotations

Branches:
Dungeon (15/15)            Temple (0/1) D:4            Lair (6/6) D:8
  Swamp (4/4) Lair:2        Snake (4/4) Lair:4        Slime (0/5) Lair:6
    Orc (2/2) D:10            Elf (0/3) Orc:2        Vaults (1/5) D:14
 Depths (0/5) D:15

Altars:
Ashenzari
Fedhas
Xom
Beogh

Shops:
D:13 (   Orc:2 *=([   Snake:2 =}=   Snake:3 %

Portals:
Trove: D:12 (give 12 potions of heal wounds)

Annotations:
D:2 Purgy
D:13 exclusion: obsidian statue
Lair:5 corrupted, exclusion: 2 oklob plants
Swamp:1 exclusion: Roxanne, Roxanne
Swamp:3 3 runed doors, Likado's ghost, adept DsFE
Snake:4 corrupted
Orc:2 3 runed doors, GlasyaLabolas's ghost, journeyman MiMo
Abyss:1 Asterion


Innate Abilities, Weirdness & Mutations

You cannot be hasted, slowed, berserked, paralysed or teleported.
You can dig through walls and to a lower floor.
Your four strong arms can wield two-handed weapons with a shield.
You have a pair of large antennae on your head. (SInv)
You have large cloven feet.
[Armour fits poorly on your strangely shaped body.]
[Your body often deteriorates upon taking damage.]
[Your magical capacity is very low. (-20% MP)]
[Your spells are easier to cast, but less powerful.]


Message History

The centaur warrior closely misses you.
Something unseen opens the door.
The great orb of eyes gazes at you. You resist with almost no effort.
The ironheart preserver hits you but does no damage.
The vault warden activates a sealing rune.
A door slams shut!
Unknown command.
You barely miss the vault warden.
The vault warden is lightly wounded.
You hit the centaur warrior.
You feel better.
You slash the ironheart preserver!
You feel better.
You hit the entropy weaver.
You feel better. You block the entropy weaver's attack.
The entropy weaver hits you.
* * * LOW HITPOINT WARNING * * *
The entropy weaver hits you.
* * * LOW HITPOINT WARNING * * *
You block the entropy weaver's attack.
The centaur warrior hits you but does no damage.
The vault warden hits you from afar with a halberd of venom!
You die...

##### ...)# #... # ...)#
#..##########..# ...)#
#..#.....[+{.# p .).)#
#..#...>p(# { ...)#
#..#...Gcp### { #. ...##
#..#.....@#.# ...
#'######..#....pa#.### { #...
.......'..#.(....#...# .....
.......#..####+###...####.....
.......#......................
.......+......................
.......#......########'######
.......#......# ##.........#
.......#......# #...........#


You could see an ironheart preserver, 2 vault wardens, an entropy weaver, a
great orb of eyes and a centaur warrior.

Vanquished Creatures
  Agnes (D:14)
  Kirke (Lair:5)
  6 nagarajas
  An orc warlord (Orc:2)
  A vault warden (Vaults:1)
  2 ironheart preservers (Vaults:1)
  A very ugly thing (IceCv)
  Azrael (Snake:1)
  The ghost of topirishpotato the Blocker, a journeyman GrFi of Ashenzari (D:14)
  Josephine (D:11)
  3 ogre magi
  An ice dragon (Lair:6)
  2 rakshasas (D:15)
  Harold (D:10)
  21 hydras
  A vault guard (Vaults:1)
  10 naga warriors
  A centaur warrior (D:15)
  5 anacondas
  3 death yaks (D:8)
  10 alligators
  3 orc high priests
  7 two-headed ogres
  A tengu warrior (D:14)
  6 shock serpents
  10 naga sharpshooters
  A thrashing horror (Abyss:1)
  Sonja (Lair:4)
  2 salamander mystics
  A fire crab (Lair:6)
  A fire crab (shapeshifter) (D:15)
  An unseen horror (D:10)
  A spriggan druid (Swamp:4)
  3 naga ritualists (Snake:4)
  4 shambling mangroves
  A wizard (D:15)
  6 swamp dragons (Swamp:4)
  10 orc knights
  A glowing orange brain (D:15)
  2 lindwurms (Lair:6)
  An ironbrand convoker (Vaults:1)
  3 mana vipers
  2 cyclopes
  5 orc sorcerers (Orc:2)
  A deep elf mage (D:13)
  2 manticores
  18 ugly things
  14 salamanders
  28 black mambas
  A vault sentinel (Vaults:1)
  17 spiny frogs
  An ice statue (IceCv)
  18 naga magi
  5 torpor snails (Lair:6)
  A rime drake (Lair:1)
  A yaktaur (Vaults:1)
  An efreet (D:14)
  9 komodo dragons
  An anaconda simulacrum (IceCv)
  A hellwing (D:13)
  6 meliai
  7 trolls
  A merfolk (D:12)
  12 polar bears
  A queen bee (Lair:5)
  8 tyrant leeches
  7 bog bodies
  15 hornets
  17 slime creatures
  7 dream sheep (Lair:6)
  A meliai zombie (D:15)
  A hippogriff (shapeshifter) (D:15)
  15 hippogriffs
  7 blink frogs
  Sigmund (D:3)
  4 wraiths (D:11)
  43 yaks
  A large abomination (Abyss:1)
  3 hogs (Lair:5)
  2 fire elementals (Snake:1)
  2 wyverns (Lair:2)
  A hog (shapeshifter) (D:15)
  Eustachio (D:5)
  3 basilisks
  8 vampire mosquitoes
  A hungry ghost (D:8)
  15 insubstantial wisps
  14 swamp worms
  A hydra simulacrum (IceCv)
  38 nagas
  2 iron troll simulacra (IceCv)
  7 wargs
  A harpy simulacrum (IceCv)
  2 acid dragons
  21 hell hounds
  8 porcupines
  18 water moccasins
  7 ice beasts
  37 orc warriors
  A phantom (D:4)
  6 sky beasts
  3 necrophages
  11 ogres
  13 black bears
  14 swamp drakes
  2 eyes of draining (D:13)
  34 wolves
  3 centaurs
  12 crocodiles
  3 big kobolds
  15 bullfrogs
  A glowing shapeshifter simulacrum (Vaults:1)
  Blork the orc (D:5)
  A wyvern skeleton (D:13)
  2 scorpions
  12 killer bees (Lair:5)
  8 wights
  4 electric eels (Lair:2)
  2 howler monkeys
  10 crimson imps
  A bullfrog zombie (D:10)
  2 centaur zombies
  5 hounds
  20 jellies
  Crazy Yiuf (D:5)
  8 centaur skeletons
  20 orc priests
  26 orc wizards
  4 bullfrog skeletons
  3 iguanas
  Ijyb (D:5)
  9 worker ants
  16 adders
  2 gnolls (D:4)
  A river rat (D:5)
  2 shadow imps
  A white imp (Abyss:1)
  An ooze (D:4)
  An ufetubus (D:13)
  2 adder skeletons
  An adder zombie (D:3)
  6 worms
  A dart slug (D:3)
  3 leopard geckos
  89 orcs
  6 ball pythons
  8 bats
  2 giant cockroaches
  9 hobgoblins
  8 jackals
  21 kobolds
  4 quokkas
  4 frilled lizards
  9 goblins
  A jackal zombie (D:5)
  A quokka zombie (D:9)
  9 rats
  3 fungi
  3 plants
1084 creatures vanquished.

Vanquished Creatures (others)
  Rupert (Lair:5)
  2 nagarajas (Snake:4)
  4 naga warriors (Snake:4)
  A naga sharpshooter (Snake:3)
  2 naga ritualists (Snake:4)
  A salamander (Snake:4)
  An oklob plant (Lair:5)
  A mana viper (Snake:4)
  4 naga magi (Snake:4)
  4 humans (Lair:5)
  3 nagas
  A swamp worm (Swamp:4)
  36 fungi
  A lurking horror (Abyss:1)
  25 plants
  18 starspawn tentacles
105 creatures vanquished.

Grand Total: 1189 creatures vanquished

Notes
Turn   | Place    | Note
-------+----------+-------------------------------------------
     0 | Abyss:1  | rgaf the Formicid Abyssal Knight began the quest for the Orb.
     0 | Abyss:1  | Reached XP level 1. HP: 18/18 MP: 2/2
   104 | Abyss:2  | Noticed an ancient zyme
   128 | Abyss:2  | Noticed a shadow wraith
   129 | Abyss:2  | Got an ichor-stained plate armour
   130 | D:1      | Escaped the Abyss
   148 | D:1      | Identified the +0 plate armour of the Hart {rPois rC- Regen+ Dex+8} (You found it on level 2 of the Abyss)
   289 | D:1      | Reached * piety under Lugonu
   289 | D:1      | Reached XP level 2. HP: 24/24 MP: 3/3
   918 | D:2      | Reached XP level 3. HP: 18/29 MP: 3/5
  1390 | D:2      | Reached skill level 3 in Axes
  1583 | D:2      | Reached XP level 4. HP: 18/35 MP: 6/6
  2221 | D:3      | Noticed Purgy
  2510 | D:3      | Reached ** piety under Lugonu
  2724 | D:3      | Reached XP level 5. HP: 41/41 MP: 7/7
  2906 | D:3      | Noticed Sigmund
  2926 | D:3      | Reached skill level 4 in Axes
  2935 | D:3      | Killed Sigmund
  2935 | D:3      | Reached skill level 5 in Axes
  2935 | D:3      | Reached XP level 6. HP: 21/47 MP: 7/9
  3165 | D:3      | Found a shattered altar of Ashenzari.
  3542 | D:4      | Reached XP level 7. HP: 47/52 MP: 10/10
  3943 | D:4      | Found a staircase to the Ecumenical Temple.
  4014 | D:4      | Reached skill level 5 in Invocations
  4181 | D:4      | Found a shimmering altar of Xom.
  4321 | D:4      | Reached skill level 6 in Axes
  4321 | D:4      | Reached skill level 5 in Armour
  4321 | D:4      | Reached XP level 8. HP: 58/58 MP: 11/11
  4512 | D:5      | Entered Level 5 of the Dungeon
  4531 | D:5      | Noticed Eustachio
  4543 | D:5      | Found the +3 warlock's mirror {reflect}
  4550 | D:5      | Killed Eustachio
  4641 | D:5      | Reached skill level 7 in Axes
  4902 | D:5      | Reached *** piety under Lugonu
  5076 | D:5      | Reached XP level 9. HP: 61/64 MP: 13/13
  5226 | D:5      | Noticed Ijyb
  5229 | D:5      | Killed Ijyb
  5258 | D:5      | Noticed Blork the orc
  5283 | D:5      | Reached skill level 8 in Axes
  5289 | D:5      | Killed Blork the orc
  5632 | D:5      | Found a runed door.
  5841 | D:5      | Noticed Crazy Yiuf
  5843 | D:5      | Killed Crazy Yiuf
  7251 | D:7      | Reached skill level 9 in Axes
  7310 | D:7      | You fall through a shaft for 2 floors!
  7442 | D:9      | Noticed a hippogriff
  7457 | D:9      | Killed a hippogriff
  7946 | D:8      | Reached XP level 10. HP: 64/64 MP: 14/16
  8015 | D:8      | Noticed a two-headed ogre
  8022 | D:8      | Killed a two-headed ogre
  8022 | D:8      | Reached skill level 10 in Axes
  8073 | D:8      | Reached **** piety under Lugonu
  8478 | D:8      | Noticed a death yak
  9052 | D:8      | Noticed a death yak
  9052 | D:8      | Noticed a death yak
  9616 | D:8      | Found a staircase to the Lair.
  9618 | D:8      | Noticed a death yak
  9780 | D:8      | Killed a death yak
  9780 | D:8      | Reached skill level 1 in Shields
 10607 | D:10     | Entered Level 10 of the Dungeon
 10663 | D:10     | Reached skill level 11 in Axes
 10673 | D:10     | Reached XP level 11. HP: 54/75 MP: 18/18
 10842 | D:10     | Found a staircase to the Orcish Mines.
 11349 | D:10     | Reached ***** piety under Lugonu
 11448 | D:10     | Reached skill level 10 in Invocations
 11578 | D:10     | Noticed an unseen horror
 11582 | D:10     | Noticed a two-headed ogre
 11595 | D:10     | Killed an unseen horror
 11602 | D:10     | Killed a two-headed ogre
 11602 | D:10     | Reached skill level 12 in Axes
 12492 | D:11     | Noticed a manticore
 12510 | D:11     | Killed a manticore
 12949 | D:11     | Noticed Josephine
 12965 | D:11     | Reached skill level 10 in Armour
 12976 | D:11     | Killed Josephine
 12990 | D:11     | Reached XP level 12. HP: 46/81 MP: 20/20
 13844 | D:8      | Noticed a death yak
 14135 | Lair:1   | Entered Level 1 of the Lair of Beasts
 14150 | Lair:1   | Reached skill level 13 in Axes
 14302 | Lair:1   | Noticed a seven-headed hydra
 14311 | Lair:1   | Noticed a seven-headed hydra
 14322 | Lair:1   | You fall through a shaft!
 14818 | Lair:2   | Found a staircase to the Swamp.
 16065 | Lair:2   | Reached ****** piety under Lugonu
 16876 | Lair:3   | Reached skill level 14 in Axes
 17026 | Lair:3   | Reached XP level 13. HP: 85/86 MP: 22/22
 17586 | Lair:3   | Noticed an eight-headed hydra
 17594 | Lair:3   | Killed an eight-headed hydra
 18482 | Lair:4   | Found a staircase to the Snake Pit.
 19005 | Lair:4   | Noticed Sonja
 19019 | Lair:4   | Killed Sonja
 19357 | Lair:4   | Reached skill level 15 in Axes
 20394 | Lair:5   | Noticed Kirke
 20411 | Lair:5   | Reached skill level 5 in Fighting
 20552 | Lair:5   | Killed Kirke
 20596 | Lair:5   | Noticed Rupert
 20597 | Lair:5   | Corrupted Lair:5
 20597 | Lair:5   | Noticed a tentacled starspawn
 20597 | Lair:5   | Noticed a tentacled starspawn
 20597 | Lair:5   | Noticed a tentacled starspawn
 20598 | Lair:5   | Noticed a rakshasa
 20607 | Lair:5   | Killed Rupert
 20781 | Lair:5   | Noticed an eight-headed hydra
 20786 | Lair:5   | Killed a five-headed hydra
 21877 | Lair:6   | Entered Level 6 of the Lair of Beasts
 21908 | Lair:6   | Reached XP level 14. HP: 32/99 MP: 23/23
 23259 | Lair:6   | Reached skill level 16 in Axes
 23563 | Lair:6   | Found a staircase to the Slime Pits.
 25972 | Lair:6   | Found a runed door.
 27277 | Lair:6   | Reached XP level 15. HP: 111/111 MP: 24/24
 27833 | Lair:1   | Reached skill level 17 in Axes
 29413 | Orc:1    | Entered Level 1 of the Orcish Mines
 29413 | Orc:1    | Noticed Harold
 29485 | D:10     | Killed Harold
 30016 | Orc:2    | Entered Level 2 of the Orcish Mines
 30108 | Orc:2    | Found a staircase to the Elven Halls.
 30136 | Orc:2    | Found a runed gate.
 30136 | Orc:2    | Found a runed gate.
 30136 | Orc:2    | Found a runed gate.
 30142 | Orc:2    | Noticed GlasyaLabolas's ghost (journeyman MiMo)
 30276 | Orc:2    | Found Belipi's Antique Armour Shop.
 31120 | Orc:2    | Found Ossueg's Jewellery Shop.
 31224 | Orc:2    | Found Bekuac's General Store.
 31335 | Orc:2    | Bought a scroll of fear for 45 gold pieces
 31335 | Orc:2    | Bought a potion of might for 52 gold pieces
 31335 | Orc:2    | Bought a scroll of enchant weapon for 97 gold pieces
 31371 | Orc:2    | Found Atzufogh's Antique Weapon Boutique.
 31379 | Orc:2    | Bought a runed executioner's axe for 286 gold pieces
 31507 | Orc:2    | Noticed an orc warlord
 31787 | Orc:2    | Killed an orc warlord
 32809 | D:12     | Found a portal to a secret trove of treasure.
 33335 | D:13     | Found Pumu's Weapon Emporium.
 33367 | D:13     | Reached skill level 10 in Fighting
 34307 | D:14     | Found a gate to the Vaults.
 34471 | D:14     | Reached skill level 18 in Axes
 35007 | D:14     | Reached XP level 16. HP: 78/122 MP: 25/25
 35200 | D:14     | Found a runed gate.
 35200 | D:14     | Noticed topirishpotato's ghost (journeyman GrFi)
 35201 | D:14     | Found a runed gate.
 35202 | D:14     | Found a runed gate.
 35212 | D:14     | Found a roughly hewn altar of Beogh.
 35236 | D:14     | You fall through a shaft!
 35236 | D:15     | Entered Level 15 of the Dungeon
 36901 | D:15     | Found a staircase to the Depths.
 37288 | D:14     | Noticed Agnes
 37296 | D:14     | Killed Agnes
 37296 | D:14     | Reached skill level 15 in Armour
 37945 | D:14     | Killed topirishpotato's ghost
 38154 | D:14     | Got an ichor-stained plate armour
 38168 | D:14     | Identified the +1 plate armour "Decaemom" {rPois MP+9 Str-2} (You found it on level 14 of the Dungeon)
 38430 | Swamp:1  | Entered Level 1 of the Swamp
 38883 | Swamp:1  | Noticed Roxanne
 40024 | Swamp:1  | Reached skill level 19 in Axes
 41854 | Swamp:2  | Reached XP level 17. HP: 120/133 MP: 26/26
 42129 | Swamp:3  | Identified a scroll of acquirement
 42507 | Swamp:3  | Found a runed gate.
 42892 | Swamp:3  | Found a runed gate.
 42898 | Swamp:3  | Found a runed gate.
 42899 | Swamp:3  | Noticed Likado's ghost (adept DsFE)
 43157 | Swamp:4  | Entered Level 4 of the Swamp
 43608 | Swamp:4  | Found a blossoming altar of Fedhas.
 44826 | Swamp:4  | Got a decaying rune of Zot
 45008 | Snake:1  | Entered Level 1 of the Snake Pit
 45431 | Snake:1  | Noticed Azrael
 45461 | Snake:1  | Reached skill level 20 in Axes
 45477 | Snake:1  | Killed Azrael
 46127 | Snake:2  | Found Ujiev's Jewellery Shop.
 46128 | Snake:2  | Found Runlaedd's Gadget Shoppe.
 46129 | Snake:2  | Found Tyakhuci's Jewellery Shop.
 46313 | Snake:2  | Bought the amulet of the Air {Inacc +Fly rElec EV+5 RMsl} for 761 gold pieces
 46313 | Snake:2  | Found the amulet of the Air {Inacc +Fly rElec EV+5 RMsl}
 46824 | Snake:2  | Reached XP level 18. HP: 99/143 MP: 27/27
 47600 | Snake:3  | Found a frozen archway.
 47606 | Snake:3  | Found Noanaon's Food Shoppe.
 47640 | IceCv    | Entered an ice cave
 49438 | Snake:4  | Entered Level 4 of the Snake Pit
 49721 | Snake:4  | Noticed Asterion
 49762 | Snake:4  | Gained mutation: You have large cloven feet. [a cacodemon]
 49770 | Snake:4  | Banished Asterion
 49857 | Snake:4  | HP: 6/147 [nagaraja/flail of venom (3)]
 50561 | Snake:2  | Bought the ring "Lyeshox" {rC+ Dex+6} for 1087 gold pieces
 51081 | Snake:4  | Reached skill level 15 in Fighting
 51209 | Snake:4  | Corrupted Snake:4
 51213 | Snake:4  | Reached XP level 19. HP: 23/155 MP: 22/28
 51242 | Snake:4  | Noticed a bone dragon
 51774 | Snake:4  | Got a serpentine rune of Zot
 52233 | Vaults:1 | Entered Level 1 of the Vaults
 52591 | Vaults:1 | Reached skill level 5 in Shields
 52624 | Vaults:1 | HP: 3/155 [vault warden/great sword (27)]
 52858 | Abyss:1  | HP: 4/155 [starcursed mass/accursed screaming (8)]
 52863 | Abyss:1  | HP: 1/155 [starcursed mass/accursed screaming (13)]
 52865 | Vaults:1 | Escaped the Abyss
 52868 | Vaults:1 | HP: 5/155 [entropy weaver (6)]
 52868 | Vaults:1 | Mangled by a vault warden

Vault maps used:
D:1:      dpeg_arrival_round_c
D:3:      lemuel_crystal_altar, uniq_purgy, uniq_sigmund
D:4:      minmay_temple_entry_junction, tgw_xom
D:5:      first_ration, portal_sewer_entry_e, uniq_eustachio,
          uniq_crazy_yiuf_cottage, uniq_blork_the_orc, uniq_ijyb
D:7:      serial_glass, glass_columns_c, glass_columns_c
D:8:      dpeg_lair_monsters, minmay_misc_feat_cross
D:10:     erik_orc_1
D:11:     uniq_josephine
D:12:     nicolae_trove_entry_diagonal, hangedman_fish_farm
D:13:     serial_shops, shop_fountains, eino_small_chamber_without_monster,
          hangedman_devilish_allure
D:14:     david_vaults_2, biasface_ghost_orc_armoury, patterned_corridor,
          uniq_agnes
D:15:     gammafunk_enter_depths_forms, corexii_corridor_pit
Lair:2:   wad_woods_structure_01, minmay_swamp_entry_eels,
          gammafunk_lair_bear_cave
Lair:4:   minmay_snake_entry_six_corridors, uniq_sonja
Lair:5:   special_room, dpeg_oklob_1, uniq_kirke, uniq_rupert
Lair:6:   hangedman_lair_caniforms_friends, wormcave,
          minmay_slime_entry_jelly_boxes
Swamp:1:  nicolae_swamp_little_tower, infiniplex_staircase_pool_2, uniq_roxanne
Swamp:2:  evilmike_swamp_ruin_rubble_2
Swamp:3:  gammafunk_ghost_necromancy, evilmike_swamp_ruin_house_4
Swamp:4:  swamp, swamp_pool5, nicolae_swamp_godswood
Snake:1:  spider_trap, uniq_azrael
Snake:2:  st_stairs_5, minmay_shop_grove
Snake:3:  portal_ice_cave_entry_pillars_2, st_stairs_12, minmay_shop_grid_forest
Snake:4:  snake_pit, special_room, uniq_asterion
Orc:1:    uniq_harold
Orc:2:    grunt_orc_gardens, grunt_orc_garden, grunt_orc_garden,
          grunt_orc_garden, grunt_orc_garden, gammafunk_ghost_necromancy
Vaults:1: v_misc_17, v_rooms_3, ontoclasm_vaults_bender,
          vaults_mumra_minichess_inversion, nicolae_vaults_little_squares_2,
          nicolae_vaults_little_squares_2, ontoclasm_vaults_eye,
          nicolae_vaults_yaktaur_gun_rack, nicolae_vaults_murderbox,
          grunt_vaults_trifunnel, nicolae_vaults_little_squares_1
Abyss:2:  hangedman_relentless_pull
IceCv:    ice_cave_statue_garden_chambered

Skill      XL: |  1  2  3  4  5  6  7  8  9 10 11 12 13 14 15 16 17 18 19 |
---------------+----------------------------------------------------------+-----
Axes           | 3 5 6 7 9 11 12 14 15 16 18 19 20 | 20.0
Invocations    | 3 4 5 6 8 9 10 12 | 12.5
Armour         | 3 4 5 6 7 8 10 11 12 13 14 15 16 18 | 18.3
Shields        | 2 5 |  5.3
Fighting       | 5 8 10 11 13 15 | 15.5
Dodging        | |  0.8

Action                   |  1- 3 |  4- 6 |  7- 9 | 10-12 | 13-15 | 16-18 | 19-21 || total
-------------------------+-------+-------+-------+-------+-------+-------+-------++-------
Melee: Hand axe          |   105 |   134 |   294 |   842 |   265 |       |       ||  1640
       Battleaxe         |       |       |       |       |  1097 |  1225 |   161 ||  2483
       Executioner's axe |       |       |       |       |   188 |   563 |       ||   751
Invok: Depart the Abyss  |     1 |       |       |       |       |       |     1 ||     2
       Bend Space        |       |       |       |     4 |     3 |     2 |       ||     9
       Corrupt           |       |       |       |       |     1 |     1 |       ||     2
       Banish            |       |       |       |       |       |     6 |       ||     6
       Enter the Abyss   |       |       |       |       |       |       |     1 ||     1
 Abil: Dig               |       |     1 |     2 |    11 |    27 |    15 |     1 ||    57
       Shaft Self        |       |       |     1 |     1 |       |     1 |       ||     3
Evoke: Wand              |       |     2 |     4 |    25 |    41 |    18 |       ||    90
  Use: Potion            |     2 |     1 |       |     3 |     2 |    23 |     7 ||    38
       Scroll            |       |       |    14 |     6 |    15 |    18 |     1 ||    54
 Stab: Paralysed         |       |       |       |     3 |    36 |       |       ||    39
       Confused          |       |       |       |       |       |     1 |       ||     1
       Invisible         |       |       |       |       |       |     2 |       ||     2
       Distracted        |       |       |       |       |       |     1 |     1 ||     2
  Eat: Chunk             |     2 |     7 |    15 |    26 |    53 |    21 |       ||   124
       Ration            |       |       |       |     2 |     3 |    12 |     3 ||    20
Armor: Leather armour    |    26 |     7 |       |       |       |       |       ||    33
       Scale mail        |       |    42 |   113 |    28 |       |       |       ||   183
       Plate armour      |       |       |       |   224 |   889 |  1008 |    52 ||  2173
Dodge: Dodged            |    71 |    68 |   115 |   162 |   432 |   622 |    48 ||  1518
       Deflected         |       |       |       |       |       |    60 |       ||    60
Block: Buckler           |       |       |       |   157 |   445 |   569 |    53 ||  1224
       Reflection        |       |       |       |     2 |     5 |    60 |     3 ||    70

Table legend:
 A = Spawn XP
 B = Non-spawn XP
 C = Spawn XP percentage of total XP
 D = Spawn monster count
 E = Non-spawn monster count
 F = Spawn count percentage of total count
 G = Total turns spent on level
                    A         B        C        D         E        F      G
               +---------+---------+-------+---------+---------+-------+---------
         Total |    1042 |  282978 |   0.4 |       3 |    1082 |   0.3 | 52868
               +---------+---------+-------+---------+---------+-------+---------
           D:1 |       0 |      24 |   0.0 |       0 |      16 |   0.0 |   888
           D:2 |       0 |      68 |   0.0 |       0 |      22 |   0.0 |  1198
           D:3 |       0 |     452 |   0.0 |       0 |      36 |   0.0 |  1440
           D:4 |       0 |     586 |   0.0 |       0 |      17 |   0.0 |   959
           D:5 |       0 |    1420 |   0.0 |       0 |      36 |   0.0 |  1350
           D:6 |       0 |     517 |   0.0 |       0 |       8 |   0.0 |  1060
           D:7 |       0 |     759 |   0.0 |       0 |      23 |   0.0 |  1341
           D:8 |       0 |    4508 |   0.0 |       0 |      22 |   0.0 |  1823
           D:9 |       0 |     923 |   0.0 |       0 |      22 |   0.0 |  1529
          D:10 |       0 |    6620 |   0.0 |       0 |      72 |   0.0 |  2396
          D:11 |       0 |    4484 |   0.0 |       0 |      31 |   0.0 |  1404
          D:12 |       0 |    2036 |   0.0 |       0 |      18 |   0.0 |   902
          D:13 |       0 |    6229 |   0.0 |       0 |      33 |   0.0 |  1737
          D:14 |       0 |   12823 |   0.0 |       0 |      38 |   0.0 |  1824
          D:15 |       0 |   17649 |   0.0 |       0 |      41 |   0.0 |  1799
        Lair:1 |       0 |    4879 |   0.0 |       0 |       9 |   0.0 |  1022
        Lair:2 |       0 |    7730 |   0.0 |       0 |      40 |   0.0 |  2613
        Lair:3 |       0 |    6349 |   0.0 |       0 |      27 |   0.0 |  1634
        Lair:4 |       0 |    5484 |   0.0 |       0 |      26 |   0.0 |  1862
        Lair:5 |       0 |    7562 |   0.0 |       0 |      34 |   0.0 |  2932
        Lair:6 |       0 |   29179 |   0.0 |       0 |     135 |   0.0 |  4746
       Swamp:1 |       0 |    7605 |   0.0 |       0 |      22 |   0.0 |  1930
       Swamp:2 |       0 |    9651 |   0.0 |       0 |      27 |   0.0 |  1401
       Swamp:3 |       0 |    6336 |   0.0 |       0 |      21 |   0.0 |  1061
       Swamp:4 |       0 |   23051 |   0.0 |       0 |      44 |   0.0 |  1727
       Snake:1 |       0 |   15053 |   0.0 |       0 |      31 |   0.0 |   985
       Snake:2 |       0 |   12545 |   0.0 |       0 |      24 |   0.0 |  1293
       Snake:3 |       0 |   22327 |   0.0 |       0 |      44 |   0.0 |  1555
       Snake:4 |       0 |   31716 |   0.0 |       0 |      52 |   0.0 |  2298
         Orc:1 |       0 |    2543 |   0.0 |       0 |      21 |   0.0 |   590
         Orc:2 |       0 |   12491 |   0.0 |       0 |      55 |   0.0 |  2073
      Vaults:1 |       0 |   15807 |   0.0 |       0 |      22 |   0.0 |   395
       Abyss:1 |    1042 |       0 | 100.0 |       3 |       0 | 100.0 |   311
         IceCv |       0 |    3572 |   0.0 |       0 |      13 |   0.0 |   731
               +---------+---------+-------+---------+---------+-------+---------
